General information
- name: BNet
- type: Ladder team game (AT/RT)
- host: Battle.net
- saver: HE-HALLED-ME
map: MarketSquare
- players: 8
- length: 42:01
- speed: Fast
- version: 1.28 W3XP
- replay type: Public
» download(282 KB)
Players
team 1 (loser)

»
fantasticUD (
orange | 64 APM | 2669 actions | 41:59)
6 Death Knight
3 Death Coil
3 Unholy Aura
6 Lich
3 Frost Nova
2 Frost Armor
1 Death and Decay
5 Crypt Lord
3 Impale
2 Spiked Carapace
» actions
| Assign group hotkey | 119 | |
| Basic commands | 1 | |
| Build / train | 121 | |
| Enter build submenu | 27 | |
| Enter hero's abilities submenu | 19 | |
| Give item / drop item | 4 | |
| Remove unit from queue | 6 | |
| Right click | 1459 | |
| Select / deselect | 421 | |
| Select group hotkey | 345 | |
| Use ability | 147 | |
2669 total
» units
| Acolyte | 23 | |
| Ghoul | 4 | |
| Crypt Fiend | 3 | |
| Frost Wyrm | 8 | |
| Wisp | 5 | |
43 total
» upgrades
| Creature Attack | 3 | |
| Creature Carapace | 5 | |
| Web | 1 | |
| Burrow | 1 | |
| Freezing Breath | 1 | |
| Ghoul Frenzy | 1 | |
12 total
» buildings
| Crypt | 1 | |
| Ziggurat | 13 | |
| Altar of Darkness | 1 | |
| Nerubian Tower | 1 | |
| Tomb of Relics | 2 | |
| Halls of the Dead | 2 | |
| Graveyard | 1 | |
| Black Citadel | 3 | |
| Sacrificial Pit | 2 | |
| Boneyard | 4 | |
| Necropolis | 4 | |
| Spirit Tower | 3 | |
37 total
» build order
00:09 Crypt
00:15 Ziggurat
00:42 Altar of Darkness
01:15 Nerubian Tower
01:27 Tomb of Relics
01:32 Tomb of Relics
02:27 Halls of the Dead
02:27 Halls of the Dead
02:46 Graveyard
03:31 Ziggurat
03:40 Ziggurat
04:49 Black Citadel
04:50 Black Citadel
04:50 Black Citadel
04:53 Sacrificial Pit
04:56 Sacrificial Pit
07:14 Boneyard
07:15 Boneyard
07:51 Ziggurat
08:09 Ziggurat
08:36 Necropolis
09:53 Ziggurat
14:17 Ziggurat
14:18 Ziggurat
17:37 Boneyard
24:11 Spirit Tower
24:12 Spirit Tower
26:51 Necropolis
27:43 Necropolis
32:29 Ziggurat
32:31 Ziggurat
32:37 Ziggurat
32:39 Ziggurat
32:44 Ziggurat
33:19 Necropolis
» items
| Rod of Necromancy | 3 | |
| Orb of Corruption | 2 | |
| Potion of Lesser Invulnerability | 1 | |
| Scroll of Town Portal | 3 | |
| Dust of Appearance | 2 | |
11 total

»
MassiveAnalPlug (
teal | 74 APM | 1688 actions | 22:43)
5 Pandaren Brewmaster
3 Breath of Fire
2 Drunken Haze
3 Beastmaster
2 Summon Quilbeast
1 Summon Hawk
» actions
| Assign group hotkey | 16 | |
| Basic commands | 448 | |
| Build / train | 75 | |
| Enter build submenu | 25 | |
| Enter hero's abilities submenu | 8 | |
| Remove unit from queue | 3 | |
| Right click | 565 | |
| Select / deselect | 255 | |
| Select group hotkey | 200 | |
| Use ability | 93 | |
1688 total
» units
| Wisp | 30 | |
| Archer | 10 | |
| Druid of the Talon | 3 | |
| Hippogryph | 6 | |
49 total
» upgrades
| Improved Bows | 1 | |
| Druid of the Talon Training | 2 | |
| Hippogryph Taming | 1 | |
| Marksmanship | 1 | |
| Strength of the Moon | 1 | |
| Well Spring | 1 | |
7 total
» buildings
| Moon Well | 6 | |
| Ancient of War | 2 | |
| Altar of Elders | 1 | |
| Tree of Ages | 1 | |
| Tree of Life | 3 | |
| Ancient of Wind | 4 | |
| Ancient of Wonders | 1 | |
| Tree of Eternity | 1 | |
| Hunter's Hall | 1 | |
20 total
» build order
00:41 Moon Well
00:56 Ancient of War
01:26 Altar of Elders
01:36 Moon Well
03:13 Tree of Ages
03:31 Moon Well
04:37 Moon Well
05:20 Tree of Life
06:26 Ancient of Wind
06:30 Ancient of Wind
06:33 Ancient of Wind
06:58 Ancient of Wonders
08:49 Tree of Eternity
08:58 Moon Well
10:47 Moon Well
12:04 Ancient of Wind
13:07 Ancient of War
14:03 Hunter's Hall
15:15 Tree of Life
19:47 Tree of Life
» items
| Scroll of Town Portal | 1 | |
| Orb of Venom | 1 | |
2 total
n1234 (
red | 72 APM | 3014 actions | 41:59)
6 Priestess of the Moon
2 Searing Arrows
3 Trueshot Aura
1 Starfall
» actions
| Assign group hotkey | 56 | |
| Basic commands | 110 | |
| Build / train | 91 | |
| Enter build submenu | 21 | |
| Enter hero's abilities submenu | 7 | |
| Right click | 1209 | |
| Select / deselect | 439 | |
| Select group hotkey | 1021 | |
| Use ability | 60 | |
3014 total
» units
| Wisp | 16 | |
| Huntress | 5 | |
| Druid of the Talon | 4 | |
| Chimaera | 13 | |
| Hippogryph | 24 | |
62 total
» upgrades
| Druid of the Talon Training | 2 | |
| Well Spring | 1 | |
| Corrosive Breath | 1 | |
| Reinforced Hides | 1 | |
| Strength of the Wild | 1 | |
6 total
» buildings
| Altar of Elders | 1 | |
| Moon Well | 6 | |
| Hunter's Hall | 1 | |
| Ancient of War | 1 | |
| Tree of Ages | 3 | |
| Ancient of Wonders | 1 | |
| Ancient of Wind | 3 | |
| Tree of Eternity | 1 | |
| Chimaera Roost | 3 | |
| Tree of Life | 4 | |
24 total
» build order
00:06 Altar of Elders
00:17 Moon Well
01:34 Hunter's Hall
01:45 Ancient of War
01:54 Moon Well
02:07 Moon Well
03:15 Tree of Ages
03:15 Tree of Ages
03:16 Tree of Ages
04:35 Moon Well
04:59 Ancient of Wonders
05:39 Ancient of Wind
06:24 Tree of Eternity
08:47 Chimaera Roost
08:48 Chimaera Roost
08:50 Chimaera Roost
09:47 Moon Well
10:21 Moon Well
11:39 Tree of Life
16:16 Ancient of Wind
19:39 Tree of Life
30:52 Tree of Life
35:54 Ancient of Wind
40:18 Tree of Life
» items
| Boots of Speed | 2 | |
| Scroll of Town Portal | 1 | |
| Moonstone | 2 | |
| Scroll of Protection | 2 | |
| Potion of Lesser Invulnerability | 3 | |
| Potion of Healing | 1 | |
11 total
MoMoneyMoProbs (
purple | 65 APM | 2720 actions | 41:59)
5 Mountain King
3 Storm Bolt
2 Bash
1 Dark Ranger
1 Silence
» actions
| Assign group hotkey | 144 | |
| Basic commands | 425 | |
| Build / train | 84 | |
| Enter build submenu | 58 | |
| Enter hero's abilities submenu | 6 | |
| Give item / drop item | 5 | |
| Remove unit from queue | 2 | |
| Right click | 880 | |
| Select / deselect | 449 | |
| Select group hotkey | 313 | |
| Use ability | 353 | |
2720 total
» units
| Peasant | 16 | |
| Footman | 4 | |
| Gryphon Rider | 12 | |
32 total
» upgrades
| Lumber Harvesting | 2 | |
| Masonry | 3 | |
| Swords | 3 | |
| Armor | 3 | |
| Storm Hammers | 1 | |
| Animal War Training | 1 | |
| Cloud | 1 | |
14 total
» buildings
| Altar of Kings | 1 | |
| Barracks | 1 | |
| Farm | 12 | |
| Arcane Vault | 1 | |
| Keep | 2 | |
| Lumber Mill | 1 | |
| Scout Tower | 37 | |
| Town Hall | 3 | |
| Castle | 2 | |
| Arcane Tower | 1 | |
| Guard Tower | 9 | |
| Gryphon Aviary | 6 | |
| Blacksmith | 2 | |
78 total
» build order
00:53 Altar of Kings
00:54 Barracks
00:56 Farm
00:57 Farm
01:06 Farm
01:51 Farm
03:08 Arcane Vault
03:55 Keep
04:55 Lumber Mill
04:59 Scout Tower
05:56 Town Hall
06:01 Scout Tower
06:04 Scout Tower
06:06 Scout Tower
06:09 Scout Tower
06:11 Scout Tower
06:27 Castle
08:00 Arcane Tower
08:03 Guard Tower
09:19 Gryphon Aviary
09:19 Gryphon Aviary
09:19 Gryphon Aviary
09:20 Gryphon Aviary
09:22 Blacksmith
09:23 Blacksmith
09:26 Farm
09:26 Farm
12:42 Scout Tower
12:43 Scout Tower
12:44 Scout Tower
13:40 Guard Tower
13:54 Scout Tower
16:16 Scout Tower
16:18 Scout Tower
16:18 Scout Tower
16:55 Guard Tower
18:33 Scout Tower
18:33 Scout Tower
18:34 Scout Tower
18:34 Scout Tower
18:35 Scout Tower
18:35 Scout Tower
18:36 Scout Tower
18:36 Scout Tower
18:37 Scout Tower
18:38 Scout Tower
18:38 Scout Tower
18:38 Scout Tower
18:39 Scout Tower
18:39 Scout Tower
18:44 Scout Tower
18:44 Scout Tower
19:00 Scout Tower
19:00 Scout Tower
19:00 Scout Tower
19:02 Scout Tower
19:02 Scout Tower
19:03 Scout Tower
19:05 Guard Tower
19:08 Guard Tower
19:15 Guard Tower
19:32 Farm
19:33 Farm
19:34 Farm
19:35 Farm
19:35 Farm
19:36 Farm
19:39 Gryphon Aviary
19:44 Gryphon Aviary
19:58 Guard Tower
20:03 Guard Tower
20:51 Guard Tower
24:59 Keep
27:36 Castle
30:05 Town Hall
31:11 Town Hall
» items
| Scroll of Regeneration | 2 | |
| Scroll of Town Portal | 4 | |
| Boots of Speed | 2 | |
| Staff of Teleportation | 3 | |
| Periapt of Vitality | 2 | |
| Orb of Venom | 1 | |
14 total
team 2 (winner)

»
cheekymonkey (
pink | 108 APM | 1968 actions | 18:18)
4 Beastmaster
2 Summon Bear
2 Summon Hawk
3 Pandaren Brewmaster
2 Breath of Fire
1 Drunken Brawler
2 Priestess of the Moon
1 Trueshot Aura
1 Searing Arrows
» actions
| Assign group hotkey | 70 | |
| Basic commands | 105 | |
| Build / train | 64 | |
| ESC pressed | 1 | |
| Enter build submenu | 16 | |
| Enter hero's abilities submenu | 9 | |
| Right click | 736 | |
| Select / deselect | 244 | |
| Select group hotkey | 674 | |
| Use ability | 49 | |
1968 total
» units
| Wisp | 19 | |
| Archer | 6 | |
| Druid of the Talon | 4 | |
| Dryad | 5 | |
| Faerie Dragon | 1 | |
| Hippogryph | 5 | |
| Chimaera | 1 | |
41 total
» upgrades
| Strength of the Wild | 2 | |
| Abolish Magic | 1 | |
| Reinforced Hides | 2 | |
5 total
» buildings
| Moon Well | 6 | |
| Ancient of War | 1 | |
| Altar of Elders | 1 | |
| Tree of Ages | 1 | |
| Hunter's Hall | 1 | |
| Ancient Protector | 2 | |
| Ancient of Wind | 1 | |
| Tree of Eternity | 1 | |
| Ancient of Lore | 1 | |
| Ancient of Wonders | 1 | |
| Chimaera Roost | 1 | |
| Tree of Life | 1 | |
18 total
» build order
00:19 Moon Well
01:01 Ancient of War
01:14 Altar of Elders
01:20 Moon Well
01:44 Moon Well
02:52 Moon Well
03:31 Tree of Ages
04:34 Hunter's Hall
05:00 Moon Well
06:02 Ancient Protector
06:06 Ancient Protector
06:12 Ancient of Wind
07:07 Tree of Eternity
07:54 Ancient of Lore
08:11 Moon Well
10:26 Ancient of Wonders
11:23 Chimaera Roost
13:21 Tree of Life
» items
| Boots of Speed | 1 | |
| Circlet of Nobility | 1 | |
| Scroll of Town Portal | 1 | |
3 total

»
blazinglory (
green | 141 APM | 2565 actions | 18:15)
3 Archmage
2 Summon Water Elemental
1 Brilliance Aura
1 Mountain King
1 Storm Bolt
» actions
| Assign group hotkey | 186 | |
| Basic commands | 201 | |
| Build / train | 74 | |
| Enter build submenu | 18 | |
| Enter hero's abilities submenu | 4 | |
| Remove unit from queue | 1 | |
| Right click | 1012 | |
| Select / deselect | 337 | |
| Select group hotkey | 639 | |
| Use ability | 91 | |
2565 total
» units
| Peasant | 8 | |
| Footman | 4 | |
| Rifleman | 9 | |
| Sorceress | 5 | |
| Mortar Team | 6 | |
| Priest | 1 | |
33 total
» upgrades
| Sorceress Training | 2 | |
| Gunpowder | 1 | |
| Long Rifles | 1 | |
| Armor | 1 | |
| Priest Training | 1 | |
| Fragmentation Shards | 1 | |
7 total
» buildings
| Altar of Kings | 1 | |
| Farm | 9 | |
| Barracks | 1 | |
| Scout Tower | 1 | |
| Arcane Vault | 1 | |
| Arcane Tower | 1 | |
| Keep | 1 | |
| Blacksmith | 1 | |
| Lumber Mill | 1 | |
| Arcane Sanctum | 1 | |
| Workshop | 1 | |
| Castle | 3 | |
22 total
» build order
00:18 Altar of Kings
00:23 Farm
00:31 Barracks
00:51 Farm
01:10 Farm
01:52 Scout Tower
01:56 Farm
02:10 Arcane Vault
02:24 Arcane Tower
03:46 Keep
03:51 Blacksmith
05:16 Farm
05:19 Lumber Mill
06:42 Arcane Sanctum
08:08 Workshop
08:12 Farm
08:22 Farm
10:04 Farm
12:02 Castle
12:02 Castle
13:21 Farm
» items
| Scroll of Regeneration | 5 | |
| Scroll of Town Portal | 7 | |
12 total

»
xtreme56 (
yellow | 71 APM | 1304 actions | 18:18)
3 Mountain King
2 Storm Bolt
1 Bash
» actions
| Assign group hotkey | 20 | |
| Basic commands | 1 | |
| Build / train | 70 | |
| ESC pressed | 6 | |
| Enter build submenu | 42 | |
| Enter hero's abilities submenu | 3 | |
| Remove unit from queue | 1 | |
| Right click | 468 | |
| Select / deselect | 441 | |
| Select group hotkey | 178 | |
| Use ability | 72 | |
1304 total
» units
| Peasant | 24 | |
| Footman | 10 | |
| Siege Engine | 7 | |
41 total
» upgrades
| Defend | 1 | |
| Lumber Harvesting | 2 | |
| Barrage | 1 | |
| Gunpowder | 1 | |
| Swords | 1 | |
| Plating | 1 | |
| Animal War Training | 1 | |
8 total
» buildings
| Altar of Kings | 1 | |
| Farm | 15 | |
| Lumber Mill | 1 | |
| Barracks | 2 | |
| Scout Tower | 26 | |
| Arcane Tower | 1 | |
| Guard Tower | 11 | |
| Keep | 1 | |
| Town Hall | 1 | |
| Blacksmith | 1 | |
| Castle | 1 | |
| Arcane Vault | 1 | |
| Workshop | 3 | |
65 total
» build order
00:19 Altar of Kings
00:27 Farm
00:39 Lumber Mill
00:59 Barracks
01:23 Scout Tower
01:45 Farm
01:46 Farm
01:58 Arcane Tower
02:11 Farm
02:13 Farm
03:29 Scout Tower
03:29 Scout Tower
04:39 Scout Tower
05:06 Guard Tower
05:35 Keep
06:19 Guard Tower
07:16 Town Hall
07:42 Scout Tower
07:44 Scout Tower
07:45 Scout Tower
08:00 Scout Tower
08:01 Scout Tower
08:07 Scout Tower
08:07 Scout Tower
08:21 Scout Tower
08:23 Scout Tower
08:28 Scout Tower
08:30 Scout Tower
08:35 Farm
08:39 Farm
08:40 Farm
08:41 Farm
08:44 Guard Tower
09:00 Keep
09:23 Guard Tower
09:25 Guard Tower
10:04 Scout Tower
10:06 Scout Tower
10:25 Scout Tower
10:29 Scout Tower
10:34 Scout Tower
10:36 Guard Tower
11:09 Guard Tower
11:12 Guard Tower
11:19 Blacksmith
11:25 Guard Tower
11:58 Castle
12:00 Barracks
13:18 Arcane Vault
13:24 Scout Tower
13:24 Scout Tower
13:25 Scout Tower
13:27 Scout Tower
13:28 Scout Tower
13:28 Scout Tower
13:49 Workshop
13:54 Workshop
14:54 Guard Tower
15:09 Guard Tower
15:52 Workshop
16:59 Farm
17:01 Farm
17:04 Farm
17:05 Farm
17:50 Farm
17:51 Farm
» items
| Orb of Fire | 1 | |
| Potion of Healing | 1 | |
2 total
HE-HALLED-ME (
blue | 76 APM | 3186 actions | 42:01)
7 Blademaster
3 Wind Walk
3 Critical Strike
1 Bladestorm
» actions
| Assign group hotkey | 60 | |
| Basic commands | 40 | |
| Build / train | 117 | |
| Enter build submenu | 36 | |
| Enter hero's abilities submenu | 7 | |
| Give item / drop item | 2 | |
| Remove unit from queue | 2 | |
| Right click | 1398 | |
| Select / deselect | 329 | |
| Select group hotkey | 955 | |
| Use ability | 240 | |
3186 total
» units
| Peon | 18 | |
| Grunt | 8 | |
| Wind Rider | 4 | |
| Troll Batrider | 22 | |
| Flying Machine | 20 | |
| Dryad | 5 | |
77 total
» upgrades
| Reinforced Defenses | 1 | |
| Ranged Weapons | 2 | |
| Armor | 2 | |
| Envenomed Spears | 1 | |
| Liquid Fire | 1 | |
| Flying Machine Bombs | 1 | |
| Flak Cannons | 1 | |
9 total
» buildings
| Altar of Storms | 1 | |
| Orc Burrow | 6 | |
| Barracks | 1 | |
| Voodoo Lounge | 1 | |
| Stronghold | 1 | |
| War Mill | 2 | |
| Great Hall | 3 | |
| Beastiary | 3 | |
| Watch Tower | 39 | |
| Fortress | 2 | |
| Scout Tower | 6 | |
| Guard Tower | 2 | |
67 total
» build order
00:07 Altar of Storms
00:20 Orc Burrow
00:38 Barracks
01:23 Orc Burrow
01:57 Voodoo Lounge
02:54 Stronghold
03:57 Orc Burrow
04:51 War Mill
05:09 Great Hall
05:39 Beastiary
05:43 Beastiary
06:39 Watch Tower
06:39 Watch Tower
07:04 Fortress
07:04 Fortress
07:49 Watch Tower
07:55 Watch Tower
08:01 Watch Tower
09:24 Beastiary
09:48 Watch Tower
11:07 Watch Tower
11:25 Watch Tower
11:25 Watch Tower
11:26 Watch Tower
11:26 Watch Tower
12:26 Watch Tower
12:30 Watch Tower
12:59 Orc Burrow
13:00 Orc Burrow
13:00 Orc Burrow
14:03 Watch Tower
14:04 Watch Tower
14:04 Watch Tower
15:40 Watch Tower
15:40 Watch Tower
15:40 Watch Tower
15:41 Watch Tower
17:30 Watch Tower
17:31 Watch Tower
17:31 Watch Tower
17:32 Watch Tower
17:32 Watch Tower
17:33 Watch Tower
18:21 Watch Tower
18:21 Watch Tower
19:20 Watch Tower
19:21 Watch Tower
19:43 Scout Tower
19:44 Scout Tower
19:44 Scout Tower
19:44 Scout Tower
19:45 Scout Tower
19:45 Scout Tower
20:26 Watch Tower
20:33 Watch Tower
20:51 Guard Tower
23:17 Watch Tower
27:04 Watch Tower
27:04 Watch Tower
27:05 Watch Tower
27:05 Watch Tower
27:06 Watch Tower
29:13 Watch Tower
39:59 Great Hall
40:01 Great Hall
41:40 War Mill
» items
| Healing Salve | 6 | |
| Staff of Teleportation | 1 | |
| Potion of Lesser Invulnerability | 2 | |
| Scroll of Town Portal | 3 | |
| Boots of Speed | 1 | |
| Lesser Clarity Potion | 1 | |
14 total
Chat log
(00:09 / All) blazinglory: yay no alex
(00:11 / All) MoMoneyMoProbs: WHAT A LOVELY DAY
(00:12 / All) MassiveAnalPlug: gl hf
(00:12 / All) blazinglory: jones
(00:26 / All) HE-HALLED-ME: that guy always tks
(00:32 / Allies) xtreme56: units?
(00:34 / All) n1234: who
(00:39 / Allies) HE-HALLED-ME: wyvern bat
(00:47 / All) MoMoneyMoProbs: The guy that disrespects the venerable Alex Jones
(01:40 / Allies) blazinglory: rifles morts
(01:53 / Allies) xtreme56: foots/knights
(04:24 / All) blazinglory: did you get xp oj
(04:29 / All) blazinglory: for creep
(04:38 / All) blazinglory: be honest
(05:32 / Allies) HE-HALLED-ME: wood plz
(06:29 / Allies) xtreme56: wood pl
(07:07 / Allies) xtreme56: wood plz
(09:56 / All) MoMoneyMoProbs: MODI IS THE JUGGERNAUT MOTHERFUCKER
(10:10 / All) MoMoneyMoProbs: GET OUTTA HERE WITH YOUR WEAK ASS BITCH SHIT
(10:19 / All) MoMoneyMoProbs: punk
(10:25 / Allies) blazinglory: mk
(10:46 / Allies) blazinglory: anyone help me get expo up
(12:15 / Allies) HE-HALLED-ME: lets hit mid right
(13:25 / Allies) HE-HALLED-ME: wood plz going 100 food
(13:43 / Allies) cheekymonkey: b kid
(14:11 / Allies) cheekymonkey: b
(14:13 / Allies) cheekymonkey: stop making foots
(14:14 / Allies) HE-HALLED-ME: come
(14:16 / Allies) HE-HALLED-ME: hit teal expo
(14:19 / Allies) blazinglory: hit expos
(15:12 / Allies) blazinglory: lol forgot items
(17:48 / Allies) HE-HALLED-ME: wood
(18:30 / All) HE-HALLED-ME: fucking babies
(20:04 / All) fantasticUD: leave
(20:05 / All) fantasticUD: thrash
(20:12 / All) HE-HALLED-ME: suck my dick
(22:48 / All) HE-HALLED-ME: OUT
(22:55 / All) HE-HALLED-ME: nigger oj
(24:13 / All) HE-HALLED-ME: leave oj
(24:15 / All) HE-HALLED-ME: out
(25:08 / All) fantasticUD: leave
(25:11 / All) HE-HALLED-ME: no ty
(25:15 / All) HE-HALLED-ME: me 1v4 u
(26:37 / All) fantasticUD: out
(26:43 / All) HE-HALLED-ME: why? im winning
(27:47 / All) MoMoneyMoProbs: red noob lol
(27:52 / All) MoMoneyMoProbs: chippo fagbag lol!
(27:55 / All) n1234: purple sucks balls
(27:58 / All) n1234: 1vs1 me noob
(27:59 / All) n1234: HAHAH
(28:01 / All) MoMoneyMoProbs: harass noob
(28:02 / All) n1234: mad?
(28:03 / All) MoMoneyMoProbs: LKOL
(28:05 / All) MoMoneyMoProbs: I am 1v1 you
(28:07 / All) MoMoneyMoProbs: I beat you!
(28:08 / All) MoMoneyMoProbs: lol
(28:09 / All) MoMoneyMoProbs: I WIN
(28:10 / All) n1234: yeah ok
(28:15 / All) MoMoneyMoProbs: 1v1 me right now you loser
(28:23 / All) n1234: with an expo you moron?
(28:25 / All) n1234: how dumb are you?
(28:29 / All) n1234: you must be Hillary voter
(28:32 / All) n1234: fukcing millenial noob
(28:35 / All) HE-HALLED-ME: leave plz oj
(28:37 / All) HE-HALLED-ME: i won
(29:01 / All) MoMoneyMoProbs: red goes "1v1 me" then calls me millennial lol
(32:12 / All) HE-HALLED-ME: dead potm
(32:13 / All) HE-HALLED-ME: out red
(32:30 / All) n1234: run noob run
(32:32 / All) n1234: HAHAHAHAH
(33:35 / All) MoMoneyMoProbs: LOOOL
(33:52 / All) HE-HALLED-ME: u can leave oj
(33:53 / All) HE-HALLED-ME: nub
(33:55 / All) MoMoneyMoProbs: I DID 1v1 you
(33:56 / All) MoMoneyMoProbs: I WON LOL
(34:15 / All) HE-HALLED-ME: nice expo nub red
(34:19 / All) MoMoneyMoProbs: HAHA
(34:20 / All) MoMoneyMoProbs: RAPED
(34:26 / All) MoMoneyMoProbs: ALMOST AS NOOB AS RED LOL
(34:36 / All) n1234: purple will be 0 - 1
(34:37 / All) n1234: HAHAHAHAHAH
(34:40 / All) HE-HALLED-ME: lawl
(34:44 / All) MoMoneyMoProbs: I beat you lol!
(35:02 / All) MoMoneyMoProbs: wasted all his gold on invul pots
(35:05 / All) MoMoneyMoProbs: maybe give hippo a try?
(35:06 / All) MoMoneyMoProbs: LOL
(35:12 / All) HE-HALLED-ME: leave plz oj
(35:17 / All) HE-HALLED-ME: i raped u 1v4 biatch
(35:18 / All) MoMoneyMoProbs: HE SCARED OF ME HE DIDNT EVEN BOTHER TO GET UNITS
(35:27 / All) MoMoneyMoProbs: HE RATHER JUST RUN AWAY LOL
(35:38 / All) n1234: 0 - 1 for noob purple
(36:30 / All) HE-HALLED-ME: purple beasted u 2
(36:31 / All) HE-HALLED-ME: big time
(36:42 / All) n1234: purple is 0 - 1
(36:44 / All) n1234: hahahahahahah
(36:52 / All) HE-HALLED-ME: hes on a new acct nub. thats more an insult to u
(36:59 / All) n1234: still
(37:01 / All) n1234: 0 - 1
(37:03 / All) n1234: HHAHHAHAHH
(37:07 / All) HE-HALLED-ME: i was gonna leave but purple told me to stay
(37:17 / All) HE-HALLED-ME: he said he would rape u guys
(37:18 / All) HE-HALLED-ME: which he did
(37:21 / All) n1234: yeah.. he likes to take it in the ass
(37:25 / All) HE-HALLED-ME: thank god ur a nub red
(37:33 / All) n1234: 1 vs 1 noob? scared?
(37:41 / All) MoMoneyMoProbs: he keeps asking for 1v1 like he didn't get raped already
(37:44 / All) n1234: 1 vs 1 noobs? scared?
(37:45 / All) MoMoneyMoProbs: what a little kid!LOL!
(37:46 / All) n1234: hahahah
(37:48 / All) HE-HALLED-ME: no need; i just saw purple own you
(37:49 / All) n1234: nooobs
(37:51 / All) n1234: hahahahahah
(37:55 / All) MoMoneyMoProbs: daddy gave you a good spanking
(37:56 / All) n1234: noooobs
(38:08 / All) n1234: you suck balls.. can only bs.. hahahahaha
(38:13 / All) n1234: dumb kids
(38:17 / All) HE-HALLED-ME: leave plz. gimme my free win
(38:33 / All) n1234: hahahahahah you suck
(38:39 / All) n1234: 0 - 1 noob
(38:47 / All) MoMoneyMoProbs: dumb red gave me lots of lumber which I used to kill him wtih LOL
(38:49 / All) HE-HALLED-ME: red is raging i can tell
(38:54 / All) n1234: HAHAHAAHHAHAH
(38:56 / All) MoMoneyMoProbs: what a gullible noob!
(39:00 / All) n1234: watching purple go 0 - 1
(39:03 / All) n1234: is the best thing
(39:09 / All) MoMoneyMoProbs: yeah it means I gave you a loss !
(39:10 / All) MoMoneyMoProbs: HEHE
(39:11 / All) n1234: while I'm > 50%
(39:14 / All) n1234: HE HE
(39:14 / All) MoMoneyMoProbs: HEHE
(39:15 / All) n1234: moron
(39:18 / All) MoMoneyMoProbs: you got raped HEHE
(39:20 / All) n1234: ahahahahahah
(39:23 / All) MoMoneyMoProbs: enjoy teh loss :D
(39:26 / All) HE-HALLED-ME: red can you please leave, you're embarassing yourself
(39:26 / All) n1234: better stats than you!
(39:28 / All) n1234: HAHAHAHA
(39:34 / All) n1234: no
(39:38 / All) n1234: i'm watching purple lose
(39:45 / All) HE-HALLED-ME: dont be upset just cuz purple owned you
(39:50 / All) n1234: HAHAHAH
(39:52 / All) n1234: 0 - 1 noob
(39:58 / All) n1234: 0 - 1
(40:03 / All) n1234: 0 - 1
(40:05 / All) n1234: 0 - 1
(40:10 / All) MoMoneyMoProbs: LOL
(40:23 / All) n1234: 0 - 1
(40:26 / All) n1234: HAHAHHAHAHAH
(40:28 / All) n1234: nooo
(40:46 / All) n1234: lvl5 pathetic mk... blue owned you
(40:48 / All) n1234: HAHAHAHAH
(40:49 / All) MoMoneyMoProbs: enjoy the loss scrub :D
(40:50 / All) HE-HALLED-ME: thx for win red, u really suck
(40:50 / All) MoMoneyMoProbs: you got raped
(40:56 / All) n1234: don't be mad cause you're 0 - 1
(40:57 / All) n1234: HAHAHAHAHH
(41:12 / All) n1234: purple.. mad?
(41:14 / All) n1234: HAHAHAH
(41:15 / All) MoMoneyMoProbs: yep red gave you win by being a scrub LOL
(41:17 / All) n1234: 0 -1 noob
(41:51 / All) MoMoneyMoProbs: ENJOY THE LOSS SCRUB RED LOL
(41:53 / All) HE-HALLED-ME: yes. end it. red sucked big doo doo
(41:53 / All) MoMoneyMoProbs: HAHA
(41:56 / All) MoMoneyMoProbs: YOU GOT RAPED 1v1!
(41:56 / All) n1234: purple..
(41:57 / All) n1234: MAD?